AoeStats
← ACEvril CLUTCHvigne

Arabia

510179955Analyzed
1v1 RM · 1d ago on Sep 29, 2026· 57m 45s· 2 players
Game mode
Random Map
Map size
Tiny (2 player)
Population
200
Speed
Normal
Resources
Standard
Victory
Conquest
Starting age
Dark Age
Ending age
Imperial Age
RankedLock teamsTeams togetherTeam positionsShared explorationLock speedFull tech treeHidden civsTurbo modeCheats
Victory
Defeat
🇵🇹 Chinese · Portugal
609
+10
🇮🇹 Britons · Italy
480
-10
ACEvril CLUTCHvigne
4:13 Loom
11:49 Feudal Age
12:15 Double-Bit Axe
13:08 Wheelbarrow
12:26 Gold Mining
13:14 Man-at-Arms
13:57 Horse Collar
19:56 Fletching
20:06 Padded Archer Armor
20:18 Stone Mining
25:49 Castle Age
26:38 Forging
26:33 Scale Barding Armor
27:13 Bow Saw
27:05 Heavy Plow
29:40 Chain Barding Armor
29:56 Iron Casting
29:33 Town Watch
31:39 Hand Cart
33:50 Husbandry
38:45 Gold Shaft Mining
39:31 Murder Holes
39:27 Guard Tower
44:29 Imperial Age
42:22 Crossbowman
43:58 Town Patrol
44:07 Scale Mail Armor
44:22 Leather Archer Armor
44:49 Yeomen
46:34 Conscription
48:19 Cavalier
50:21 Two-Man Saw
ZIO
13:08 Feudal Age
14:06 Man-at-Arms
23:03 Castle Age
21:30 Forging
23:45 Crossbowman
23:48 Long Swordsman
24:48 Elite Skirmisher
29:39 Iron Casting
29:05 Padded Archer Armor
33:14 Pikeman
36:13 Leather Archer Armor
41:26 Imperial Age
40:16 Squires
42:33 Two-Handed Swordsman
44:16 Blast Furnace
43:46 Ring Archer Armor
49:23 Light Cavalry
50:14 Bloodlines
Connection lost

Rejoining the realm…

Still unreachable

The connection could not be restored.

Session expired

The server has moved on; the page needs a fresh start.